 Dungeon Crawl Stone Soup version 0.30-a0-918-g0ff054e9dc (webtiles) character file.

Game seed: 16709538104022029606

43 mopl the Chopper (level 3, 0/40 HPs)
             Began as a Formicid Warper on Mar 20, 2023.
             Succumbed to an adder's poison
             ... on level 2 of the Dungeon.
             The game lasted 00:01:26 (928 turns).

mopl the Chopper (Formicid Warper)                   Turns: 928, Time: 00:01:26

Health: 0/40       AC: 21    Str: 15    XL:     3   Next: 82%
Magic:  6/6        EV:  2    Int: 14    God:
Gold:   53         SH:  0    Dex: 13    Spells: 6/6 levels left

rFire   . . .      SeeInvis .    a - +0 hand axe
rCold   . . .      Faith    .    (no shield)
rNeg    + . .      Spirit   .    b - melded +0 leather armour
rPois   +          Reflect  .    (helmet unavailable)
rElec   .          Rampage  .    (cloak currently unavailable)
rCorr   .                        (gloves currently unavailable)
Will    .....                    (boots currently unavailable)
Stlth   +                        (no amulet)
HPRegen 0.26/turn                m - ring of positive energy
MPRegen 0.10/turn                (no ring)

@: lethally poisoned (0 -> 0), tree-form
A: stationary, stasis, torment immunity, boosted hp, permanent stasis, dig
shafts and tunnels, (antennae 3), four strong arms
a: no special abilities


You were on level 2 of the Dungeon.
You were a tree.
You visited 1 branch of the dungeon, and saw 2 of its levels.

You collected 53 gold pieces.

Inventory:

Hand Weapons
 a - a +0 hand axe (weapon)
Missiles
 d - 7 boomerangs of dispersal (quivered)
Armour
 b - a +0 leather armour (melded)
 q - a +0 plate armour
Jewellery
 i - a ring of fire
 m - a ring of positive energy (left branch)
Scrolls
 c - a scroll of blinking
 f - a scroll of torment {unknown}
 g - 2 scrolls of noise {unknown}
 k - 5 scrolls of identify {unknown}
 n - a scroll of teleportation {unknown}
 o - a scroll of enchant weapon {unknown}
 r - a scroll of magic mapping {unknown}
Potions
 e - a potion of haste
 h - a potion of ambrosia {unknown}
 j - a potion of lignification {!q}
 l - a potion of invisibility {unknown}
 p - a potion of mutation {unknown}


   Skills:
 - Level 2.1 Fighting
 * Level 3.8 Axes
 - Level 1.0 Throwing
 - Level 1.1 Armour
 - Level 1.7 Dodging
 - Level 2.1 Spellcasting
 - Level 2.6 Translocations


You had 6 spell levels left.
You didn't know any spells.
Your spell library contained the following spells:

 Spells                   Type           Power      Damage    Failure   Level
 Lesser Beckoning         Tloc           18%        N/A       12%         2
 Teleport Other           Tloc           9%         N/A       24%         3
 Vhi's Electric Charge    Tloc/Air       10%        N/A       38%         3
 Dazzling Flash           Conj/Hex       2%         N/A       56%         3
 Manifold Assault         Tloc           9%         N/A       61%         4
 Malign Gateway           Summ/Tloc      2%         N/A       100%        7
 Orb of Destruction       Conj           0%         9d5       100%        7
 Blink                    Tloc           Unusable   N/A       N/A         2

Dungeon Overview and Level Annotations

Branches:
Dungeon (2/15)

Altars:


Innate Abilities, Weirdness & Mutations

You are a tree.
Your roots penetrate the ground, keeping you stationary.
You cannot be teleported.
You are immune to unholy pain and torment.
Your maximum health is greatly increased.
Your equipment is partially melded.
You cannot be hasted, slowed, berserked, paralysed or teleported.
You can dig through walls and to a lower floor.
((You have a pair of large antennae on your head. (SInv)))
Your four strong arms can wield two-handed weapons with a shield.


Message History

You are too injured to fight recklessly!
You are too injured to fight recklessly!
You are too injured to fight recklessly!
You are too injured to fight recklessly!
You are too injured to fight recklessly!
You hit the adder but do no damage. Your punch misses the adder.
The adder is heavily wounded.
You feel sick. The adder bites you.
You are more poisoned.
The adder poisons you!
You barely miss the adder.
The adder is heavily wounded.
* * * LOW HITPOINT WARNING * * *
You feel very sick. The adder bites you.
* * * LOW HITPOINT WARNING * * *
The adder barely misses you.
You hit the adder.
You kill the adder!
* * * LOW HITPOINT WARNING * * *
You feel sick. The bat hits you but does no damage. x2
Your life force feels restored.
You hit the bat.
You kill the bat!
* * * LOW HITPOINT WARNING * * *
You feel sick.
* * * LOW HITPOINT WARNING * * *
You feel sick.
Things that are here:
a bat corpse; an adder corpse
* * * LOW HITPOINT WARNING * * *
You feel sick.
It was a potion of haste.
Your stasis prevents you from being hasted.
* * * LOW HITPOINT WARNING * * *
You feel sick.
It was a potion of lignification.
You turn into a tree.
Your +0 leather armour melds into your body.
Your roots penetrate the ground.
You die...

#....)....# ###
#.........## #..
#..........# #..
#..........## #..
#...........# #######..
##.......##.##.........
##.....###..#>######..
#########....# #..
#.†♣.)>...### #..
#.#######....# ### ...
####.# #### #


There were no monsters in sight!

Vanquished Creatures
  An adder (D:2)
  2 bats
  An endoplasm (D:1)
  4 goblins (D:1)
  4 hobgoblins (D:1)
  A jackal (D:1)
  7 kobolds
  2 quokkas
  6 ball pythons
  2 frilled lizards (D:1)
  2 rats
32 creatures vanquished.

Vanquished Creatures (others)
  5 plants (D:1)
5 creatures vanquished.

Grand Total: 37 creatures vanquished

Notes
Turn   | Place    | Note
-------+----------+-------------------------------------------
     0 | D:1      | mopl the Formicid Warper began the quest for the Orb.
     0 | D:1      | Reached XP level 1. HP: 16/16 MP: 3/3
    98 | D:1      | Reached XP level 2. HP: 17/22 MP: 5/5
   244 | D:1      | Reached skill level 3 in Axes
   273 | D:1      | You fall into a shaft and drop 1 floor!
   489 | D:1      | Got the Spellbook of Coruscating Coordinates
   533 | D:1      | Reached XP level 3. HP: 25/27 MP: 6/6
   926 | D:2      | HP: 1/27 [poisoned by an adder]
   928 | D:2      | Succumbed to an adder's poison

Illustrated notes

Levels and vault maps discovered:
D:1:      dpeg_arrival_brainrot, layout_basic, serial_bayou_lagoon_a
D:2:      layout_rooms

Skill      XL: |  1  2 |
---------------+-------+-----
Axes           | 3 |  3.8
Fighting       | |  2.1
Throwing       | |  1.0
Armour         | |  1.1
Dodging        | |  1.7
Spellcasting   | |  2.1
Translocations | |  2.6

Action                     || total
---------------------------++-------
  Melee: Hand axe          ||   115
         Punch             ||     1
Ability: Dig               ||     1
    Use: Potion            ||     2
   Stab: Sleeping          ||     1
 Armour: Leather armour    ||    42
  Dodge: Dodged            ||    83

Table legend: (Time is in decaauts)
 A = Elapsed time spent in this place.
 B = Non-inter-level travel time spent in this place.
 C = Inter-level travel time spent in this place.
 D = Time resting spent in this place.
 E = Time spent auto-exploring this place.
 F = Levels seen in this place.
 G = Mean time per level.
                   A        B        C        D        E       F      G
               +--------+--------+--------+--------+--------+-----+--------+
         Total |    946 |    946 |      0 |     72 |    578 |   2 |  473.0 |
       Dungeon |    946 |    946 |      0 |     72 |    578 |   2 |  473.0 |
               +--------+--------+--------+--------+--------+-----+--------+

Top non-repeatable levels by time:
     D:1: 840 daAuts
     D:2: 105 daAuts
